 Dungeon Crawl Stone Soup version 0.31.0-11-ge490571c62 (webtiles) character file.

Game seed: 11544038977126861957

275 qw the Shooter (level 6, -1/30 HPs)
             Began as a Spriggan Hunter on Feb 4, 2024.
             Slain by an adder (2 damage)
             ... on level 3 of the Dungeon.
             The game lasted 00:00:05 (1533 turns).

qw the Shooter (Spriggan Hunter)                    Turns: 1533, Time: 00:00:05

Health: -1/30      AC:  2    Str:  7    XL:     6   Next: 3%
Magic:  7/7        EV: 20    Int: 11    God:
Gold:   11         SH:  0    Dex: 20    Spells: 5/5 levels left

rFire   . . .        e - +0 arbalest
rCold   . . .        (shield currently unavailable)
rNeg    . . .        c - +0 robe
rPois   .            (helmet restricted)
rElec   .            (no cloak)
rCorr   .            (gloves unavailable)
SInv    +            (boots unavailable)
Will    +....        (no amulet)
Stlth   ++           (no ring)
HPRegen 0.25/turn    (no ring)
MPRegen 0.10/turn

%: no passive effects
@: very quick
A: very small, no large weapons, unfitting armour, see invisible, speed 3
a: no special abilities


You were on level 3 of the Dungeon.
You visited 1 branch of the dungeon, and saw 3 of its levels.

You collected 112 gold pieces.
You spent 101 gold pieces at shops.


Innate Abilities, Weirdness & Mutations

You are very small and have problems with some larger weapons.
You are too small for most types of armour.
You have supernaturally acute eyesight. (SInv)
You cover ground extremely quickly. (Speed+++)


   Skills:
 + Level 1.5 Fighting
 - Level 6.5 Ranged Weapons
 - Level 5.0 Dodging
 - Level 1.5 Stealth


You had 5 spell levels left.
You didn't know any spells.
Your spell library was empty.

Inventory:

Hand Weapons
 e - a +0 arbalest (weapon)
Armour
 c - a +0 robe (worn)
Scrolls
 b - a scroll of enchant armour

Dungeon Overview and Level Annotations

Branches:
Dungeon (3/15)

Altars:

Shops:
D:1 [   D:2 ?*


Message History

You hear a shout! x2
The frilled lizard barely misses you.
The endoplasm jiggles.
The goblin barely misses you. The adder misses you.
The frilled lizard unfolds its giant frill.
The frilled lizard completely misses you.
The goblin barely misses you.
A goblin comes into view. It is wielding a +0 club.
The adder bites you.
You shoot a bolt. The bolt barely misses the adder.
You feel very sick. The adder closely misses you. The frilled lizard bites you.
The goblin hits you but does no damage. The adder barely misses you.
The frilled lizard closely misses you. The goblin closely misses you.
You shoot a bolt. The bolt hits the adder!
The adder is almost dead.
You feel sick. The adder barely misses you.
The frilled lizard closely misses you. The goblin hits you with a +0 dagger.
The adder bites you.
You shoot a bolt. The bolt completely misses the adder.
You feel sick. The frilled lizard barely misses you.
An orc comes into view. It is wielding a +0 short sword.
The adder completely misses you. The goblin hits you but does no damage.
The goblin closely misses you.
The frilled lizard completely misses you.
The adder bites you but does no damage.
You shoot a bolt. The bolt misses the adder.
You feel sick.
You are no longer poisoned.
The adder misses you.
The frilled lizard bites you but does no damage.
The goblin completely misses you. The adder closely misses you.
You shoot a bolt. The bolt closely misses the adder.
The frilled lizard bites you.
The endoplasm jiggles.
An endoplasm comes into view.
The goblin barely misses you. The adder misses you.
The frilled lizard completely misses you.
The goblin completely misses you. The adder bites you.
You die...

. .#. . ###..
.## ....##.
o. .#..$. #g
....#
#J#b...#
...###gSl#..#
#.....@)...#
##.#.#<#####
.. #.# ## #.#
#.# ..# ###


You could see an adder, an orc, an endoplasm, 2 goblins, a bat and a frilled
lizard.

Vanquished Creatures
  Sigmund (D:2)
  Natasha (twice) (D:2)
  An adder (D:2)
  2 ribbon worms (D:2)
  2 dart slugs
  An orc (D:3)
  9 ball pythons
  An endoplasm (D:2)
  2 giant cockroaches
  9 goblins
  4 hobgoblins
  3 quokkas
  4 bats (D:1)
  3 kobolds
  A rat (D:2)
45 creatures vanquished.

Notes
Turn   | Place    | Note
-------+----------+-------------------------------------------
     0 | D:1      | qw the Spriggan Hunter began the quest for the Orb.
     0 | D:1      | Reached XP level 1. HP: 10/10 MP: 2/2
     0 | D:1      | 0 ||| qw: Version: 0.3-a-160-g6735b56
     0 | D:1      | 0 ||| qw: Game counter: 4784
     0 | D:1      | 0 ||| qw: Melee chars always use a shield: true
     0 | D:1      | 0 ||| qw: God list: Okawaru
     0 | D:1      | 0 ||| qw: Allow faded altars: false
     0 | D:1      | 0 ||| qw: Do Orc after clearing Dungeon:15 true
     0 | D:1      | 0 ||| qw: Do second Lair branch before Depths: true
     0 | D:1      | 0 ||| qw: Lair rune preference: random
     0 | D:1      | 0 ||| qw: Goals: Normal
     0 | D:1      | 0 ||| PLANNING D:1-11
    25 | D:1      | Reached skill level 3 in Dodging
   228 | D:1      | Reached XP level 2. HP: 14/14 MP: 3/3
   417 | D:1      | Found Gynozask's Armour Shop.
   425 | D:1      | 425 ||| SHOPLISTING +2 robe of resistance (490 gold, have
                  | 32).
   776 | D:1      | 776 ||| READING scroll labelled LUOMUT TIEFRUR.
   777 | D:1      | 777 ||| DROPPING scroll of butterflies.
   812 | D:2      | Noticed Natasha
   812 | D:2      | Found Funoapp's General Store.
   818 | D:2      | Killed Natasha
   819 | D:2      | Reached XP level 3. HP: 18/18 MP: 4/4
   831 | D:2      | 831 ||| BUYING +0 arbalest (49 gold).
   831 | D:2      | Bought a +0 arbalest for 49 gold pieces
   831 | D:2      | 831 ||| SHOPLISTING potion of curing (33 gold, have 7).
   831 | D:2      | 831 ||| SHOPLISTING potion of resistance (110 gold, have
                  | 7).
   831 | D:2      | 831 ||| SHOPLISTING scroll of identify (22 gold, have 7).
   831 | D:2      | 831 ||| SWAPPING to +0 arbalest.
   832 | D:2      | 832 ||| DROPPING +0 shortbow.
   884 | D:2      | Noticed Sigmund
   890 | D:2      | Killed Sigmund
   891 | D:2      | Reached skill level 6 in Ranged Weapons
   891 | D:2      | Reached XP level 4. HP: 22/22 MP: 5/5
   891 | D:2      | Reached XP level 5. HP: 25/25 MP: 6/6
  1143 | D:2      | Found Riqiadghu's Magic Scroll Shop.
  1156 | D:2      | 1156 ||| SHOPLISTING scroll of enchant weapon (97 gold,
                  | have 56).
  1156 | D:2      | 1156 ||| BUYING scroll of identify (26 gold).
  1156 | D:2      | Bought a scroll of identify for 26 gold pieces
  1156 | D:2      | 1156 ||| BUYING scroll of identify (26 gold).
  1156 | D:2      | Bought a scroll of identify for 26 gold pieces
  1156 | D:2      | 1156 ||| SHOPLISTING scroll of identify (26 gold, have 4).
  1156 | D:2      | 1156 ||| SHOPLISTING scroll of teleportation (39 gold, have
                  | 4).
  1396 | D:2      | Noticed Natasha
  1397 | D:2      | Killed Natasha
  1398 | D:2      | Reached XP level 6. HP: 30/30 MP: 7/7
  1480 | D:2      | 1480 ||| DROPPING ring of wizardry.
  1481 | D:2      | 1481 ||| READING 4 scrolls of identify.
  1481 | D:2      | 1481 ||| IDENTIFYING sedimented sapphire potion
  1482 | D:2      | 1482 ||| READING 3 scrolls of identify.
  1482 | D:2      | 1482 ||| IDENTIFYING silvery potion
  1483 | D:2      | 1483 ||| READING 2 scrolls of identify.
  1483 | D:2      | 1483 ||| IDENTIFYING scroll labelled HONEIV BEUMER
  1484 | D:2      | 1484 ||| READING scroll of identify.
  1484 | D:2      | 1484 ||| IDENTIFYING scroll labelled PONUYZ FUZEDDI
  1485 | D:2      | 1485 ||| DROPPING potion of ambrosia.
  1486 | D:2      | 1486 ||| DROPPING scroll of immolation.
  1508 | D:3      | 1508 ||| STAIRDANCE
  1525 | D:3      | HP: 7/30 [adder (3)]
  1526 | D:3      | 1526 ||| DRINKING potion of heal wounds.
  1530 | D:3      | HP: 6/30 [goblin/+0 dagger (2)]
  1533 | D:3      | HP: 1/30 [frilled lizard (2)]
  1533 | D:3      | Slain by an adder

Levels and vault maps discovered:
D:1:      mrwooster_arrival_statue, layout_loops_ring, serial_forest,
          infiniplex_forest_join, infiniplex_forest_clump_C,
          infiniplex_forest_end_1, infiniplex_forest_straight_4,
          infiniplex_forest_zigzag_1, infiniplex_forest_lined_2,
          infiniplex_forest_clump_tiny, serial_shops, shop, hex_tiny
D:2:      layout_basic, serial_shops, shop, shop, uniq_natasha, uniq_sigmund
D:3:      cheibrodos_greedy_goblins, layout_loops_ring, grunt_gozag_statues,
          shapermc_ecumenical_altar_venn, minmay_fractal_squares_5

Skill      XL: |  1  2  3  4  5  6 |
---------------+-------------------+-----
Dodging        | 3 4 5 |  5.0
Ranged Weapons | 6 |  6.5
Fighting       | |  1.5
Stealth        | |  1.5

Action                     |  1- 3 |  4- 6 || total
---------------------------+-------+-------++-------
   Fire: Shortbow          |    51 |       ||    51
         Arbalest          |     8 |    50 ||    58
    Use: Scroll            |     1 |     4 ||     5
         Potion            |       |     1 ||     1
 Armour: Robe              |     3 |    22 ||    25
  Dodge: Dodged            |    12 |    55 ||    67

Table legend:
 A = Non-vault XP
 B = Vault XP
 C = Vault XP percentage of total XP
 D = Non-vault monster count
 E = Vault monster count
 F = Vault count percentage of total count
                 A         B        C        D         E       F
            +---------+---------+-------+---------+---------+-------
      Total |     124 |     269 |  68.4 |      42 |       3 |   6.7
            +---------+---------+-------+---------+---------+-------
        D:1 |      38 |       0 |   0.0 |      22 |       0 |   0.0
        D:2 |      83 |     267 |  76.3 |      19 |       2 |   9.5
        D:3 |       3 |       2 |  40.0 |       1 |       1 |  50.0
            +---------+---------+-------+---------+---------+-------
